 Dungeon Crawl Stone Soup version 0.21.1-1-g345015f (webtiles) character file.

1297 Mirai the Chopper (level 8, -3/64 HPs)
             Began as a Demonspawn Fighter on Mar 12, 2018.
             Was a Believer of Okawaru.
             Killed by nerve-wracking pain
             ... invoked by Grinder
              (8 damage)
             ... while paralysed by Grinder
             ... in a sewer.
             The game lasted 00:10:58 (4368 turns).

Mirai the Chopper (Demonspawn Fighter)              Turns: 4368, Time: 00:10:58

Health: -3/64      AC: 14    Str: 18    XL:     8   Next: 31%
Magic:  8/8        EV:  2    Int: 10    God:    Okawaru [**....]
Gold:   283        SH:  0    Dex: 13    Spells: 7/7 levels left

rFire    . . .     SeeInvis .   j - +2 hand axe (drain)
rCold    . . .     Gourm    .   c - +0 shield
rNeg     . . .     Faith    .   k - +0 plate armour
rPois    .         Spirit   .   l - +2 hat
rElec    .         Reflect  .   (no cloak)
rCorr    .         Harm     .   (no gloves)
MR       .....                  (no boots)
Stlth    ..........             (no amulet)
HPRegen  0.20/turn              (no ring)
MPRegen  0.11/turn              (no ring)

@: paralysed
A: claws 2, nightstalker 2, spiny 1
a: Heroism, Renounce Religion


You were in a sewer.
You worshipped Okawaru.
Okawaru was pleased with you.
You were not hungry.

You visited 1 branch of the dungeon, and saw 5 of its levels.
You also visited: Sewer.

You collected 283 gold pieces.

Inventory:

Hand Weapons
 a - a +0 war axe
 j - a +2 hand axe of draining (weapon)
 u - a +5 dire flail of crushing
Armour
 c - a +0 shield (worn)
 k - a +0 plate armour (worn)
 l - a +2 hat (worn)
Wands
 i - a wand of enslavement (13)
 q - a wand of random effects (31)
Scrolls
 b - 7 scrolls of identify {unknown}
 e - a scroll of fear {unknown}
 h - a scroll of remove curse {unknown}
 s - a scroll of fog {unknown}
 t - a scroll of enchant weapon {unknown}
Potions
 g - 2 potions of curing
 m - 4 potions of haste {unknown}
 n - a potion of mutation {unknown}
 o - a potion of brilliance {unknown}
 p - 2 potions of agility {unknown}
 r - a potion of cancellation
Comestibles
 d - a chunk of flesh
 f - 5 rations


   Skills:
 * Level 5.7 Fighting
 + Level 6.3 Axes
 + Level 5.7 Armour
 + Level 1.0 Dodging
 - Level 2.6 Shields


You had 7 spell levels left.
You didn't know any spells.

Dungeon Overview and Level Annotations

Branches:
Dungeon (5/15)             Temple (0/1) D:4

Altars:
Okawaru
Trog
Wu Jian

Shops:
D:4 (

Annotations:
Sewer Grinder


Innate Abilities, Weirdness & Mutations

You have very sharp fingernails.
You are significantly more attuned to the shadows.
You are partially covered in sharp spines.


Message History

The shadow imp hits you but does no damage. x2
The shadow imp hits you but does no damage.
The shadow imp hits you.
* * * LOW HITPOINT WARNING * * *
Grinder gestures at you. You resist with some effort.
The big kobold zombie is struck by your spines.
The big kobold zombie hits you but does no damage.
The shadow imp hits you but does no damage.
The shadow imp is struck by your spines.
The shadow imp hits you but does no damage.
The shadow imp hits you but does no damage.
The big kobold zombie is struck by your spines.
The big kobold zombie hits you.
* * * LOW HITPOINT WARNING * * *
The shadow imp is struck by your spines.
The shadow imp hits you but does no damage.
Grinder gestures at you. Pain shoots through your body!
You die...

##...###≈..#...≈≈≈≈
##..§.)###5####.#≈##
+.§.....#...#≈≈.....
+..._.§)((.≈≈≈≈≈)≈≈≈
+.§.....#..≈#≈≈.≈(..
#..§..###.####.###≈
##...###≈..#...≈≈≈≈
##5Z'###≈≈.#...≈≈≈≈
#.@5..##≈..#.≈≈≈≈≈≈
#.≈§≈)##≈≈.#.≈≈≈≈≈≈
#.5...##≈≈.#(≈≈≈≈≈≈
##...###≈≈.(.≈≈≈≈≈≈
#[%!# ##)########
##!## #...#≈≈≈≈≈
#≈≈≈..≈≈≈≈
#≈≈≈#≈≈≈≈≈
##########


You could see Grinder, 2 shadow imps and a big kobold zombie.

Vanquished Creatures
  The ghost of Mirai the Chopper, a novice DsFi (D:4)
  Edmund (D:5)
  An ogre (D:4)
  Blork the orc (D:5)
  A big kobold (Sewer)
  A howler monkey (D:5)
  2 bullfrog skeletons (D:4)
  3 hounds (D:4)
  An orc priest (D:3)
  Natasha (thrice) (D:2 D:4)
  4 worker ants
  A big kobold zombie (Sewer)
  Robin (D:4)
  11 adders
  A river rat (D:5)
  2 shadow imps (Sewer)
  2 oozes (Sewer)
  4 worms
  A dart slug (D:1)
  3 leopard geckos
  3 orcs (D:3)
  3 ball pythons
  9 bats
  A bat zombie (Sewer)
  9 giant cockroaches
  12 goblins
  9 hobgoblins
  6 jackals
  A quokka (D:3)
  6 frilled lizards
  A jackal skeleton (D:5)
  20 kobolds
  2 kobold zombies (Sewer)
  9 rats
136 creatures vanquished.

Vanquished Creatures (others)
  A kobold zombie (Sewer)
1 creature vanquished.

Grand Total: 137 creatures vanquished

Notes
Turn   | Place    | Note
-------+----------+-------------------------------------------
     0 | D:1      | Mirai the Demonspawn Fighter began the quest for the Orb.
     0 | D:1      | Reached XP level 1. HP: 18/18 MP: 1/1
   132 | D:1      | Gained mutation: You have sharp fingernails. [demonic ancestry]
   132 | D:1      | Reached XP level 2. HP: 11/24 MP: 2/2
   457 | D:1      | Reached skill level 2 in Axes
   594 | D:1      | Gained mutation: You are slightly more attuned to the shadows. [demonic ancestry]
   594 | D:1      | Reached XP level 3. HP: 29/29 MP: 3/3
   876 | D:2      | Found a bloodstained altar of Trog.
  1244 | D:2      | Gained mutation: You have very sharp fingernails. [demonic ancestry]
  1244 | D:2      | Reached XP level 4. HP: 27/37 MP: 4/4
  1386 | D:2      | Noticed Natasha
  1394 | D:2      | Killed Natasha
  1520 | D:2      | Noticed Natasha
  1525 | D:2      | Killed Natasha
  1525 | D:2      | Gained mutation: You are significantly more attuned to the shadows. [demonic ancestry]
  1525 | D:2      | Reached XP level 5. HP: 42/42 MP: 5/5
  2238 | D:3      | Found an iron altar of Okawaru.
  2245 | D:3      | Became a worshipper of Warmaster Okawaru
  2266 | D:3      | Found an ornate altar of the Wu Jian Council.
  2811 | D:4      | Reached skill level 3 in Axes
  2860 | D:4      | Reached XP level 6. HP: 49/49 MP: 6/6
  2910 | D:4      | Noticed Mirai's ghost (novice DsFi)
  2934 | D:4      | Noticed Robin
  2935 | D:4      | Killed Mirai's ghost
  2935 | D:4      | Reached * piety under Okawaru
  2935 | D:4      | Reached skill level 5 in Fighting
  2935 | D:4      | Reached skill level 4 in Axes
  2935 | D:4      | Gained mutation: You are partially covered in sharp spines. [demonic ancestry]
  2935 | D:4      | Reached XP level 7. HP: 4/56 MP: 7/7
  2940 | D:4      | Killed Robin
  3350 | D:4      | Found Cykhaosk's Antique Weapon Shop.
  3390 | D:4      | Noticed Natasha
  3393 | D:4      | Killed Natasha
  3399 | D:4      | Reached skill level 5 in Axes
  3458 | D:4      | Found a staircase to the Ecumenical Temple.
  3604 | D:4      | Reached skill level 5 in Armour
  4005 | D:5      | Entered Level 5 of the Dungeon
  4024 | D:5      | Noticed Blork the orc
  4033 | D:5      | Killed Blork the orc
  4033 | D:5      | Reached skill level 1 in Dodging
  4101 | D:5      | Noticed Edmund
  4108 | D:5      | Reached ** piety under Okawaru
  4108 | D:5      | Reached XP level 8. HP: 55/63 MP: 8/8
  4112 | D:5      | Killed Edmund
  4112 | D:5      | Reached skill level 6 in Axes
  4165 | D:5      | Found a glowing drain.
  4185 | Sewer    | Entered a sewer
  4331 | Sewer    | Found a burning altar of Makhleb.
  4348 | Sewer    | Noticed Grinder
  4365 | Sewer    | Paralysed by Grinder for 5 turns
  4368 | Sewer    | Killed from afar by Grinder

Skill      XL: |  1  2  3  4  5  6  7  8 |
---------------+-------------------------+-----
Armour         | 3 4 5 |  5.7
Axes           | 2 3 4 5 6 |  6.3
Fighting       | 4 5 |  5.7
Dodging        | 1 |  1.0
Shields        | |  2.6

Action                   |  1- 3 |  4- 6 |  7- 9 || total
-------------------------+-------+-------+-------++-------
Melee: War axe           |   152 |     9 |       ||   161
       Hand axe          |       |   134 |   135 ||   269
  Use: Potion            |     3 |     2 |       ||     5
       Scroll            |       |       |     1 ||     1
  Eat: Chunk             |     1 |     6 |     5 ||    12
Armor: Scale mail        |    49 |       |       ||    49
       Plate armour      |    92 |   114 |    78 ||   284
Dodge: Dodged            |    50 |    14 |    19 ||    83
Block: Shield            |   126 |    82 |    65 ||   273
